 Dungeon Crawl Stone Soup version 0.31-b1-22-gc680215f68 (webtiles) character file.

Game seed: 9059436129758639919

145 Arctor the Vexing (level 5, -2/41 HPs)
             Began as a Gnoll Hexslinger on Jan 18, 2024.
             Slain by a black bear (3 damage)
             ... on level 4 of the Dungeon.
             The game lasted 00:02:08 (2146 turns).

Arctor the Vexing (Gnoll Hexslinger)                Turns: 2146, Time: 00:02:09

Health: -2/41      AC:  4    Str:  7    XL:     5   Next: 27%
Magic:  9/9        EV: 12    Int: 13    God:
Gold:   137        SH:  9    Dex: 20    Spells: 8/10 levels left

rFire   . . .        a - +2 sling (freeze)
rCold   + . .        n - +0 kite shield
rNeg    . . .        c - +0 robe
rPois   .            (no helmet)
rElec   .            o - +0 cloak of Miaqaikk {rC+ Dex+4 Stlth-}
rCorr   .            (no gloves)
SInv    .            m - +0 pair of boots
Will    .....        f - amulet of the acrobat
Stlth   +            (no ring)
HPRegen 0.26/turn    (no ring)
MPRegen 0.11/turn

%: acrobat
@: no status effects
A: fangs 1, strong nose, distributed training
a: no special abilities


You were on level 4 of the Dungeon.
You visited 1 branch of the dungeon, and saw 5 of its levels.

You collected 137 gold pieces.

Inventory:

Hand Weapons
 a - a +2 sling of freezing (weapon)
Armour
 c - a +0 robe (worn)
 m - a +0 pair of boots (worn)
 n - a +0 kite shield (worn)
 o - the +0 cloak of Miaqaikk (worn) {rC+ Dex+4 Stlth-}
   (You found it on level 2 of the Dungeon)

   Dex+4:     It affects your dexterity (+4).
   rC+:       It protects you from cold.
   Stlth-:    It makes you less stealthy.
Jewellery
 f - an amulet of the acrobat (around neck)
Scrolls
 b - a scroll of poison
 d - a scroll of immolation
 g - 3 scrolls of teleportation
 i - a scroll of vulnerability
 q - a scroll of summoning
 t - a scroll of torment
 w - a scroll of revelation {unknown}
Potions
 e - a potion of magic {unknown}
 h - a potion of heal wounds {unknown}
 j - 2 potions of curing {unknown}
 k - a potion of attraction {unknown}
 p - a potion of enlightenment {unknown}
 r - a potion of cancellation {unknown}
 s - a potion of resistance {unknown}
 u - a potion of might {unknown}


   Skills:
 + Level 3.0 Fighting
 + Level 1.5 Short Blades
 + Level 1.5 Long Blades
 + Level 1.5 Axes
 + Level 1.5 Maces & Flails
 + Level 1.5 Polearms
 + Level 1.5 Staves
 + Level 4.8 Ranged Weapons
 + Level 1.5 Throwing
 + Level 1.5 Armour
 + Level 4.8 Dodging
 + Level 1.5 Stealth
 + Level 1.5 Shields
 + Level 1.5 Unarmed Combat
 + Level 3.2 Spellcasting
 + Level 1.2 Conjurations
 + Level 5.5 Hexes
 + Level 1.2 Summonings
 + Level 1.2 Necromancy
 + Level 1.2 Translocations
 + Level 2.4 Fire Magic
 + Level 1.2 Ice Magic
 + Level 1.2 Air Magic
 + Level 1.2 Earth Magic
 + Level 1.2 Alchemy
 + Level 1.7 Invocations
 + Level 1.5 Evocations
 + Level 1.3 Shapeshifting


You had 8 spell levels left.
You knew the following spells:

 Your Spells              Type           Power      Damage    Failure   Level
a - Jinxbite              Hex            32%        N/A       26%         2

Your spell library contained the following spells:

 Spells                   Type           Power      Damage    Failure   Level
 Sigil of Binding         Hex            16%        N/A       45%         3
 Inner Flame              Hex/Fire       12%        N/A       69%         3
 Cause Fear               Hex            8%         N/A       86%         4
 Dimensional Bullseye     Hex/Tloc       5%         N/A       99%         4


Dungeon Overview and Level Annotations

Branches:
Dungeon (5/15)
 Temple: D:4-7

Altars:


Innate Abilities, Weirdness & Mutations

You have very sharp teeth.
Your uncanny sense of smell can sniff out nearby items.
Your experience applies equally to all skills.


Message History

A black bear is nearby!
You shoot a sling bullet. The sling bullet hits the black bear!
The sling bullet freezes the black bear.
The black bear is heavily wounded.
A black bear is nearby!
You shoot a sling bullet.
The sling bullet completely misses the black bear.
You shoot a sling bullet. The sling bullet hits the black bear.
The sling bullet freezes the black bear.
The black bear is severely wounded.
The black bear goes berserk!
You shoot a sling bullet.
The sling bullet hits the black bear but does no damage.
The black bear is severely wounded.
The black bear closely misses you. The black bear barely misses you.
The black bear closely misses you. You block the black bear's attack.
The black bear claws you. You block the black bear's attack.
You shoot a sling bullet. The sling bullet hits the black bear.
The sling bullet freezes the black bear.
The black bear is almost dead.
The black bear bites you! You block the black bear's attack. x2
The black bear closely misses you. You block the black bear's attack.
The black bear closely misses you.
You shoot a sling bullet. The sling bullet hits the black bear.
The sling bullet freezes the black bear.
The black bear is almost dead.
The black bear closely misses you. The black bear claws you.
You block the black bear's attack. The black bear bites you!
The black bear barely misses you. The black bear claws you.
* * * LOW HITPOINT WARNING * * *
You are too injured to fight recklessly!
You shoot a sling bullet.
The sling bullet barely misses the black bear.
The black bear barely misses you. You block the black bear's attack.
The black bear claws you.
* * * LOW HITPOINT WARNING * * *
The black bear bites you!
* * * LOW HITPOINT WARNING * * *
You block the black bear's attack. The black bear claws you.
You die...

..#...#.....#
..'...#.....# ......#
).#...#.....# ......#
..#...#.....# ......#
..#...#.....# ......#
..#####.....# ......#
............#+## ......#
............#..##h.....#
............#...@...?..#
............#..........#
##.....###'##......>...#
#.....#............<..#
#.....#...............#
#.....#################
###


You could see a black bear (berserk).

Vanquished Creatures
  A bombardier beetle (D:3)
  A hound (D:5)
  4 adders (D:2)
  2 dart slugs
  An orc (D:3)
  2 bats (D:1)
  5 endoplasms
  3 giant cockroaches
  3 goblins
  6 hobgoblins
  A kobold (D:3)
  3 quokkas
  5 ball pythons
  2 rats (D:2)
39 creatures vanquished.

Notes
Turn   | Place    | Note
-------+----------+-------------------------------------------
     0 | D:1      | Arctor the Gnoll Hexslinger began the quest for the Orb.
     0 | D:1      | Reached XP level 1. HP: 17/17 MP: 4/4
   281 | D:1      | Reached XP level 2. HP: 23/23 MP: 5/5
  1218 | D:2      | Identified the +0 cloak of Miaqaikk {rC+ Dex+4 Stlth-}
  1288 | D:2      | Reached XP level 3. HP: 28/28 MP: 7/7
  1351 | D:2      | Reached skill level 1 in Invocations
  1473 | D:2      | Reached skill level 1 in Short Blades
  1473 | D:2      | Reached skill level 1 in Long Blades
  1473 | D:2      | Reached skill level 1 in Axes
  1473 | D:2      | Reached skill level 1 in Maces & Flails
  1473 | D:2      | Reached skill level 1 in Polearms
  1473 | D:2      | Reached skill level 1 in Staves
  1473 | D:2      | Reached skill level 1 in Throwing
  1473 | D:2      | Reached skill level 1 in Armour
  1473 | D:2      | Reached skill level 1 in Stealth
  1473 | D:2      | Reached skill level 1 in Shields
  1473 | D:2      | Reached skill level 1 in Unarmed Combat
  1473 | D:2      | Reached skill level 1 in Evocations
  1545 | D:2      | Learned a level 2 spell: Jinxbite
  1551 | D:2      | Reached skill level 1 in Shapeshifting
  1551 | D:2      | Reached XP level 4. HP: 34/34 MP: 8/8
  1931 | D:3      | Reached skill level 1 in Conjurations
  1931 | D:3      | Reached skill level 1 in Summonings
  1931 | D:3      | Reached skill level 1 in Necromancy
  1931 | D:3      | Reached skill level 1 in Translocations
  1931 | D:3      | Reached skill level 1 in Ice Magic
  1931 | D:3      | Reached skill level 1 in Air Magic
  1931 | D:3      | Reached skill level 1 in Earth Magic
  1931 | D:3      | Reached skill level 1 in Alchemy
  1951 | D:3      | You fall into a shaft and drop 2 floors!
  1951 | D:5      | Entered Level 5 of the Dungeon
  2006 | D:5      | Reached XP level 5. HP: 38/41 MP: 9/9
  2138 | D:4      | Noticed a black bear
  2146 | D:4      | HP: 1/41 [black bear (9)]
  2146 | D:4      | Slain by a black bear

Illustrated notes

Levels and vault maps discovered:
D:1:      kennysheep_arrival_seaside, layout_basic
D:2:      layout_basic, minmay_liquid_box
D:3:      layout_loops_cross, mainiacjoe_overflow_chevrons, uniq_grinder
D:4:      layout_gridville, gup_sewer_entry_bowl, uniq_sigmund
D:5:      layout_basic

Skill      XL: |  1  2  3  4 |
---------------+-------------+-----
Fire Magic     | 2 |  2.4
Invocations    | 1 |  1.7
Short Blades   | 1 |  1.5
Long Blades    | 1 |  1.5
Axes           | 1 |  1.5
Maces & Flails | 1 |  1.5
Polearms       | 1 |  1.5
Staves         | 1 |  1.5
Throwing       | 1 |  1.5
Armour         | 1 |  1.5
Stealth        | 1 |  1.5
Shields        | 1 |  1.5
Unarmed Combat | 1 |  1.5
Evocations     | 1 |  1.5
Shapeshifting  | 1 |  1.3
Spellcasting   | 3 |  3.2
Conjurations   | 1 |  1.2
Summonings     | 1 |  1.2
Necromancy     | 1 |  1.2
Translocations | 1 |  1.2
Ice Magic      | 1 |  1.2
Air Magic      | 1 |  1.2
Earth Magic    | 1 |  1.2
Alchemy        | 1 |  1.2
Fighting       | 3 |  3.0
Ranged Weapons | |  4.8
Dodging        | |  4.8
Hexes          | |  5.5

Action                     |  1- 3 |  4- 6 || total
---------------------------+-------+-------++-------
  Melee: Unarmed           |       |     3 ||     3
   Fire: Sling             |    87 |    54 ||   141
    Use: Scroll            |       |     6 ||     6
 Armour: Robe              |    19 |    19 ||    38
  Dodge: Dodged            |    17 |    20 ||    37
  Block: Kite shield       |     9 |    21 ||    30
